 Dungeon Crawl Stone Soup version 0.28-a0-1389-gc726bef33b (webtiles) character file.

Game seed: 950223204893576458

22 thegreatkingdan the Skirmisher (level 2, 0/27 HPs)
             Began as a Draconian Monk on Jan 3, 2022.
             Slain by a quokka (4 damage)
             ... on level 1 of the Dungeon.
             The game lasted 00:07:12 (372 turns).

thegreatkingdan the Skirmisher (Draconian Monk)      Turns: 372, Time: 00:07:13

Health: 0/27       AC:  4    Str: 13    XL:     2   Next: 68%
Magic:  2/2        EV: 12    Int: 10    God:
Gold:   35         SH:  0    Dex: 13    Spells: 1/1 levels left

rFire   . . .      SeeInvis .   d - staff of earth
rCold   . . .      Faith    .   (no shield)
rNeg    . . .      Spirit   .   (armour unavailable)
rPois   .          Reflect  .   (helmet restricted)
rElec   .          Harm     .   (no cloak)
rCorr   .          Rampage  .   (no gloves)
Will    .....                   (no boots)
Stlth   ++........              (no amulet)
HPRegen 0.09/turn               (no ring)
MPRegen 0.08/turn               (no ring)

@: flying
A: AC +4, unfitting armour, cold-blooded
a: no special abilities


You were on level 1 of the Dungeon.
You visited 1 branch of the dungeon, and saw 1 of its levels.

You collected 35 gold pieces.

Inventory:

Hand Weapons
 a - a +0 spear
Magical Staves
 d - a staff of earth (weapon)
Scrolls
 c - a scroll of teleportation {unknown}


   Skills:
 + Level 3.6 Fighting
 + Level 3.3 Polearms
 + Level 3.0 Dodging
 + Level 1.9 Stealth


You had one spell level left.
You didn't know any spells.
Your spell library was empty.

Dungeon Overview and Level Annotations

Branches:
Dungeon (1/15)

Altars:


Innate Abilities, Weirdness & Mutations

Your plain brown scales are hard. (AC +4)
You cannot fit into any form of body armour.
You are cold-blooded and may be slowed by cold attacks.


Message History

You hit the quokka but do no damage.
You tail-slap the quokka, but do no damage.
The quokka is almost dead.
You hear a bark!
The kobold hits you but does no damage.
The quokka bites you but does no damage.
You hit the kobold but do no damage. The kobold completely misses you.
You hit the kobold but do no damage.
Your tail-slap misses the kobold.
The kobold misses you.
You closely miss the kobold. The kobold barely misses you.
You hit the kobold.
The kobold is moderately wounded.
The kobold hits you with a +0 short sword.
The kobold barely misses you.
You hit the kobold but do no damage.
The kobold is moderately wounded.
The kobold hits you with a +0 short sword.
You are too injured to fight recklessly!
You hit the kobold.
You kill the kobold!
The quokka bites you.
You barely miss the quokka.
The quokka is almost dead.
The quokka bites you.
* * * LOW HITPOINT WARNING * * *
It was a potion of flight.
You feel very buoyant.
You fly up into the air.
The quokka bites you.
* * * LOW HITPOINT WARNING * * *
You closely miss the quokka.
The quokka is almost dead.
The quokka completely misses you.
You miss the quokka.
The quokka is almost dead.
The quokka barely misses you.
The quokka bites you but does no damage.
You closely miss the quokka.
The quokka is almost dead.
The quokka bites you.
You die...

#..# ### #..## .... ....
#..##..# #.. #..)).# #..
#..####.### #g........
#r#####.# #. #@##....#
#. #....#..# .##
####.†..# ..# ##.#.###
#.# #.#...# #.# #.###.#
##.########.# #.#
#...........###.#######
#..##########.........##


You could see a quokka and a hobgoblin.

Vanquished Creatures
  3 ball pythons (D:1)
  2 endoplasms (D:1)
  2 giant cockroaches (D:1)
  3 goblins (D:1)
  A hobgoblin (D:1)
  5 kobolds (D:1)
  A bat (D:1)
  2 rats (D:1)
19 creatures vanquished.

Vanquished Creatures (others)
  A fungus (D:1)
  A plant (D:1)
2 creatures vanquished.

Grand Total: 21 creatures vanquished

Notes
Turn   | Place    | Note
-------+----------+-------------------------------------------
     0 | D:1      | thegreatkingdan the Draconian Monk began the quest for the
                  | Orb.
     0 | D:1      | Reached XP level 1. HP: 19/19 MP: 1/1
   105 | D:1      | Reached XP level 2. HP: 26/26 MP: 2/2
   372 | D:1      | Slain by a quokka

Illustrated notes

Levels and vault maps discovered:
D:1:      tarquinn_simple_flora_water_d, layout_loops_ring,
          shapermc_ecumenical_altar_rom_forum, st_stairs_3

Skill      XL: |  1  2 |
---------------+-------+-----
Dodging        | 3 |  3.0
Fighting       | |  3.6
Polearms       | |  3.3
Stealth        | |  1.9

Action                   || total
-------------------------++-------
Melee: Spear             ||    49
       Tailslap          ||     4
       Staff             ||    20
  Use: Potion            ||     1
 Stab: Sleeping          ||     2
Armor: Skin              ||    16
Dodge: Dodged            ||    32

Table legend: (Time is in decaauts)
 A = Elapsed time spent in this place.
 B = Non-inter-level travel time spent in this place.
 C = Inter-level travel time spent in this place.
 D = Time resting spent in this place.
 E = Time spent auto-exploring this place.
 F = Levels seen in this place.
 G = Mean time per level.
                   A        B        C        D        E       F      G
               +--------+--------+--------+--------+--------+-----+--------+
         Total |    370 |    370 |      0 |      0 |    166 |   1 |  370.0 |
       Dungeon |    370 |    370 |      0 |      0 |    166 |   1 |  370.0 |
               +--------+--------+--------+--------+--------+-----+--------+

Top non-repeatable levels by time:
     D:1: 370 daAuts
